 Dungeon Crawl Stone Soup version 0.31-a0-848-gaac375c287 (webtiles) character file.

Game seed: 17384858891214226224

97 Kurtz the Digger (level 4, 18/18 HPs)
             Began as a Felid Earth Elementalist on Oct 4, 2023.
             Was an Initiate of Hepliaklqana.
             Quit the game on level 4 of the Dungeon.
             The game lasted 00:04:56 (2449 turns).

Kurtz the Digger (Felid Earth Elementalist)         Turns: 2449, Time: 00:04:57

Health: 18/18      AC:  1    Str:  2    XL:     4   Next: 42%
Magic:  9/9        EV: 22    Int: 21    God:    Hepliaklqana [......]
Gold:   66         SH:  0    Dex: 19    Spells: 2/8 levels left
                                        Lives:  1   Deaths: 1

rFire   . . .        (weapon unavailable)
rCold   . . .        (shield unavailable)
rNeg    . . .        (body armour unavailable)
rPois   .            (helmet unavailable)
rElec   .            (cloak unavailable)
rCorr   .            (gloves unavailable)
SInv    +            (boots unavailable)
Will    .....        (no amulet)
Stlth   ++           c - +5 ring of evasion
HPRegen 0.23/turn    (no ring)
MPRegen 0.11/turn

%: no passive effects
@: quick
A: very small, claws 1, fangs 3, see invisible, speed 1, shaggy fur 1, stealthy
paws, no weapons or thrown items, no armour, multi-lived, agile 1, clever 1,
inability to read after injury 1
a: Renounce Religion


You were on level 4 of the Dungeon.
You worshipped Hepliaklqana.
Hepliaklqana was noncommittal.
You visited 1 branch of the dungeon, and saw 4 of its levels.

You collected 66 gold pieces.

Inventory:

Jewellery
 c - a +5 ring of evasion (left paw)
Scrolls
 b - a scroll of teleportation {unknown}
 e - a scroll of fear {unknown}
 g - a scroll of revelation {unknown}
Potions
 a - a potion of magic
 d - a potion of enlightenment {unknown}
 f - a potion of mutation
 h - a potion of attraction {unknown}
 i - a potion of heal wounds
 j - a potion of ambrosia {unknown}


   Skills:
 * Level 0.2 Fighting
 - Level 2.6 Dodging
 - Level 2.6 Stealth
 + Level 2.7 Spellcasting
 * Level 0.1 Conjurations
 * Level 2.0 Transmutations
 * Level 4.0 Earth Magic


You had 2 spell levels left.
You knew the following spells:

 Your Spells              Type           Power      Damage    Failure   Level
a - Sandblast             Erth           40%        2d10      2%          1
b - Passwall              Tmut/Erth      12%        N/A       6%          2
c - Stone Arrow           Conj/Erth      22%        3d8       17%         3

Your spell library contained the following spells:

 Spells                   Type           Power      Damage    Failure   Level
 Petrify                  Tmut/Erth      15%        N/A       36%         4
 Brom's Barrelling Bould  Conj/Erth      11%        2d3       50%         4


Dungeon Overview and Level Annotations

Branches:
Dungeon (4/15)
 Temple: D:4-7

Altars:
Hepliaklqana

Annotations:
D:2 Robin, Terence


Innate Abilities, Weirdness & Mutations

You have sharp claws.
You have razor-sharp teeth.
You have supernaturally acute eyesight. (SInv)
You cover ground quickly. (Speed+)
You are covered in fur. (AC +1)
Your paws help you pounce on unaware monsters.
You are incapable of wielding weapons or throwing items.
You cannot wear armour.
You gain extra lives every three experience levels.
You are agile. (Dex +4, Str/Int -1)
Your mind is acute. (Int +4, Str/Dex -1)
You occasionally lose the ability to read scrolls when taking damage.


Message History

Magic restored.
You see here an adder corpse.
You see here a +0 hand axe.
There is a large open door here.
There is a large open door here.
HP restored.
There is an open door here.
There is a shaft here.
There is an open door here.
There is a stone staircase leading up here.
There is a stone staircase leading down here.
You start waiting.
Done waiting.
You climb downwards.
Found a fizzy golden potion.
There is a stone staircase leading up here.
j - a fizzy golden potion A hornet comes into view.
The hornet buzzes angrily.
Okay, then.
It was a potion of mutation.
You feel extremely strange.
You feel clever.
You feel agile.
You have lost your strength.
You occasionally lose the ability to read scrolls when taking damage.
The hornet completely misses you. The hornet barely misses you.
The hornet stings you!
Ouch! That really hurt!
You shrug off the repeated paralysis!
The hornet stings you!
Ouch! That really hurt!
You die...
You are lethally poisoned!
You feel yourself slow down.
You rejoin the land of the living...
Found five items.
Found a stone staircase leading down and a stone staircase leading up.
Unknown command.
Key pressed, stopping travel.
You can't go down here!
Are you sure you want to abandon this character and quit the game? (Confirm with "yes".)

#.#.#...###.
...........
#........#
##........# (
..#....... #..
#........##....
####...........
...>...@.....#
.##
..)...[....#...
...
..#.$....$...?.
#.$..........
............<.
...
#..............
...
#............#.
...
#............#
... ...


There were no monsters in sight!

Vanquished Creatures
  2 gnolls (D:2)
  2 adders
  A worm (D:2)
  A dart slug (D:1)
  An orc (D:3)
  3 endoplasms
  3 giant cockroaches
  7 hobgoblins
  3 quokkas
  8 ball pythons
  3 bats
  A frilled lizard (D:1)
  9 goblins
  3 kobolds
  4 rats
51 creatures vanquished.

Notes
Turn   | Place    | Note
-------+----------+-------------------------------------------
     0 | D:1      | Kurtz the Felid Earth Elementalist began the quest for the
                  | Orb.
     0 | D:1      | Reached XP level 1. HP: 7/7 MP: 4/4
    76 | D:1      | Reached skill level 3 in Earth Magic
   122 | D:1      | Found a faded altar of an unknown god.
   122 | D:1      | You fall into a shaft and drop 1 floor!
   148 | D:2      | Reached XP level 2. HP: 11/11 MP: 4/6
   365 | D:2      | Reached XP level 3. HP: 14/14 MP: 3/7
   436 | D:2      | Learned a level 2 spell: Passwall
   717 | D:2      | Learned a level 3 spell: Stone Arrow
   759 | D:2      | Noticed Terence
  1174 | D:2      | Noticed Robin
  1251 | D:3      | Found a hazy altar of Hepliaklqana.
  1304 | D:3      | Reached XP level 4. HP: 17/18 MP: 1/8
  1368 | D:3      | Became a worshipper of Hepliaklqana the Forgotten
  1657 | D:3      | Reached skill level 4 in Earth Magic
  2445 | D:4      | Noticed a hornet
  2446 | D:4      | Gained mutation: Your mind is acute. (Int +4, Str/Dex -1)
                  | [potion of mutation]
  2446 | D:4      | Lost strength.
  2446 | D:4      | Gained mutation: You are agile. (Dex +4, Str/Int -1)
                  | [potion of mutation]
  2446 | D:4      | Gained mutation: You occasionally lose the ability to read
                  | scrolls when taking damage. [potion of mutation]
  2448 | D:4      | Mangled by a hornet
  2449 | D:4      | Quit the game

Illustrated notes

Levels and vault maps discovered:
D:1:      minmay_arrival_semitransparent, layout_rooms, basic_ecumenical_altar
D:2:      layout_loops_ring, roderic_nine_men_s_morris, uniq_terence, uniq_robin
D:3:      layout_basic, nicolae_hepliaklqana_hazy_memory
D:4:      layout_rooms, minmay_temple_entry_mini_moons, serial_curves,
          eino_curves_03, eino_curves_01

Skill      XL: |  1  2  3  4 |
---------------+-------------+-----
Earth Magic    | 3 4 |  4.0
Transmutations | 2 |  2.0
Fighting       | |  0.2
Dodging        | |  2.6
Stealth        | |  2.6
Spellcasting   | |  2.7
Conjurations   | |  0.1

Action                     |  1- 3 |  4- 6 || total
---------------------------+-------+-------++-------
  Melee: Unarmed           |    14 |     3 ||    17
   Cast: Sandblast         |    55 |    30 ||    85
         Passwall          |     2 |       ||     2
    Use: Potion            |     2 |     1 ||     3
 Armour: Skin              |    12 |     8 ||    20
  Dodge: Dodged            |    30 |    16 ||    46

Table legend: (Time is in decaauts)
 A = Elapsed time spent in this place.
 B = Non-inter-level travel time spent in this place.
 C = Inter-level travel time spent in this place.
 D = Time resting spent in this place.
 E = Time spent auto-exploring this place.
 F = Levels seen in this place.
 G = Mean time per level.
                   A        B        C        D        E       F      G
               +--------+--------+--------+--------+--------+-----+--------+
         Total |   2237 |   2175 |     62 |    919 |    856 |   4 |  559.2 |
       Dungeon |   2237 |   2175 |     62 |    919 |    856 |   4 |  559.2 |
               +--------+--------+--------+--------+--------+-----+--------+

Top non-repeatable levels by time:
     D:3: 1132 daAuts
     D:2: 951 daAuts
     D:1: 132 daAuts
     D:4: 21 daAuts
